[ PARTIDA AOE2 · #483663578 ]
Team RMMalíes vs Persians
[ ANÁLISIS DE REPETICIÓN · EXTRAÍDO DE LA PARTIDA GRABADA ]
Feudal
12:26
Castillos
21:37
Imperial
—
| APM promedio | 26.2 |
| APM pico | 70 |
| eAPM promedio | 13.4 |
| Aldeanos / militares | 113 / 77 |
Foco
⚔️ 22.7% · 🌾 77.3%
Spearman ×32 · Gbeto ×19 · Camel Scout ×9 · Knight ×6 · Mangonel ×5 · Scorpion ×4
Feudal
10:42
Castillos
15:07
Imperial
32:09
| APM promedio | 23.5 |
| APM pico | 69 |
| eAPM promedio | 15.2 |
| Aldeanos / militares | 138 / 382 |
Foco
⚔️ 35.8% · 🌾 64.2%
Urumi Swordsman ×243 · Skirmisher ×80 · Trebuchet (Packed) ×25 · Armored Elephant ×16 · Bombard Cannon ×10 · Mangonel ×5
Feudal
11:37
Castillos
18:01
Imperial
29:31
| APM promedio | 23.0 |
| APM pico | 86 |
| eAPM promedio | 10.1 |
| Aldeanos / militares | 82 / 292 |
Foco
⚔️ 32.5% · 🌾 67.5%
Knight ×151 · Archer ×100 · Scout Cavalry ×35 · Monk ×3 · Trebuchet (Packed) ×3
Feudal
11:40
Castillos
16:10
Imperial
31:12
| APM promedio | 29.4 |
| APM pico | 68 |
| eAPM promedio | 21.0 |
| Aldeanos / militares | 142 / 159 |
Foco
⚔️ 36.6% · 🌾 63.4%
Spearman ×71 · Unknown (2550) ×59 · Battering Ram ×43 · Unknown (2579) ×40 · Archer ×27 · Mangonel ×14
Feudal
11:17
Castillos
19:04
Imperial
28:39
| APM promedio | 12.1 |
| APM pico | 51 |
| eAPM promedio | 7.5 |
| Aldeanos / militares | 94 / 29 |
Foco
⚔️ 19.5% · 🌾 80.5%
Genoese Crossbowman ×20 · Trebuchet (Packed) ×5 · Mangonel ×4
Feudal
11:44
Castillos
16:30
Imperial
27:58
| APM promedio | 15.8 |
| APM pico | 32 |
| eAPM promedio | 10.7 |
| Aldeanos / militares | 87 / 295 |
Foco
⚔️ 43.9% · 🌾 56.1%
Genoese Crossbowman ×158 · Unknown (882) ×87 · Scout Cavalry ×81 · Spearman ×52 · Trebuchet (Packed) ×4
Mapa de la partida
Recursos al inicio + cada clic de construcción. Línea gruesa = muro · recuadro discontinuo = muro de casas detectado. 🟡 oro · ⚪ piedra · 🟢 bayas · 🔶 jabalí · ⭕ reliquia
Inputs por minuto
— superdeker - - 我的大姑妈
Build order — superdeker
Primeras 150 de 330 acciones detectadas
| 0:09 | Investigar | Loom |
| 0:10 | Crear | Villager (Male) |
| 0:10 | Crear | Villager (Male) |
| 0:10 | Crear | Villager (Male) |
| 0:11 | Crear | Villager (Male) |
| 0:11 | Crear | Villager (Male) |
| 0:11 | Crear | Villager (Male) |
| 0:52 | Construir | House |
| 0:54 | Construir | House |
| 0:55 | Construir | House |
| 1:49 | Crear | Villager (Male) |
| 1:49 | Crear | Villager (Male) |
| 1:49 | Crear | Villager (Male) |
| 1:54 | Construir | House |
| 2:54 | Construir | Lumber Camp |
| 3:05 | Crear | Villager (Male) |
| 3:05 | Crear | Villager (Male) |
| 3:05 | Crear | Villager (Male) |
| 3:40 | Crear | Villager (Male) |
| 3:40 | Crear | Villager (Male) |
| 3:40 | Crear | Villager (Male) |
| 4:10 | Crear | Villager (Male) |
| 4:10 | Crear | Villager (Male) |
| 4:10 | Crear | Villager (Male) |
| 4:33 | Crear | Villager (Male) |
| 4:33 | Crear | Villager (Male) |
| 4:34 | Crear | Villager (Male) |
| 5:09 | Crear | Villager (Male) |
| 5:19 | Construir | Mill |
| 5:34 | Crear | Villager (Male) |
| 5:35 | Crear | Villager (Male) |
| 5:35 | Crear | Villager (Male) |
| 6:26 | Crear | Villager (Male) |
| 6:26 | Crear | Villager (Male) |
| 6:26 | Crear | Villager (Male) |
| 6:27 | Crear | Villager (Male) |
| 6:59 | Construir | Mining Camp |
| 8:01 | Crear | Villager (Male) |
| 8:02 | Crear | Villager (Male) |
| 8:02 | Crear | Villager (Male) |
| 8:59 | Construir | Mining Camp |
| 10:16 | Investigar | Feudal Age |
| 11:40 | Construir | Barracks |
| 12:26 | Edad | Edad Feudal |
| 12:39 | Crear | Villager (Male) |
| 12:39 | Crear | Villager (Male) |
| 12:40 | Crear | Villager (Male) |
| 12:40 | Crear | Villager (Male) |
| 12:49 | Investigar | Horse Collar |
| 12:52 | Investigar | Double-Bit Axe |
| 13:09 | Construir | Lumber Camp |
| 13:19 | Construir | House |
| 13:21 | Construir | House |
| 13:23 | Construir | House |
| 13:25 | Construir | House |
| 13:58 | Construir | Farm |
| 14:10 | Construir | Farm |
| 14:35 | Construir | Farm |
| 14:57 | Construir | Farm |
| 15:08 | Construir | Farm |
| 15:27 | Construir | Farm |
| 15:55 | Construir | Farm |
| 16:31 | Construir | Stable |
| 16:41 | Crear | Spearman |
| 16:41 | Crear | Spearman |
| 16:41 | Crear | Spearman |
| 17:59 | Construir | Market |
| 18:20 | Investigar | Bloodlines |
| 18:57 | Investigar | Castle Age |
| 19:15 | Construir | Blacksmith |
| 19:28 | Crear | Spearman |
| 19:28 | Crear | Spearman |
| 19:29 | Crear | Spearman |
| 19:44 | Crear | Scout Cavalry |
| 20:01 | Investigar | Forging |
| 20:09 | Construir | Farm |
| 21:37 | Edad | Edad de los Castillos |
| 21:39 | Crear | Villager (Male) |
| 21:40 | Crear | Villager (Male) |
| 21:40 | Crear | Villager (Male) |
| 21:51 | Investigar | Bow Saw |
| 22:12 | Construir | Town Center |
| 22:20 | Investigar | Heavy Plow |
| 22:38 | Construir | Castle |
| 23:13 | Investigar | Pikeman (upgrade) |
| 24:12 | Construir | Siege Workshop |
| 25:24 | Crear | Villager (Male) |
| 25:24 | Crear | Villager (Male) |
| 25:24 | Crear | Villager (Male) |
| 25:24 | Crear | Villager (Male) |
| 25:24 | Crear | Villager (Male) |
| 25:33 | Crear | Mangonel |
| 26:25 | Construir | Lumber Camp |
| 26:31 | Crear | Gbeto |
| 26:32 | Crear | Gbeto |
| 26:32 | Crear | Gbeto |
| 26:32 | Crear | Gbeto |
| 26:32 | Crear | Gbeto |
| 26:33 | Crear | Gbeto |
| 26:56 | Crear | Villager (Male) |
| 27:06 | Construir | Farm |
| 27:07 | Construir | Farm |
| 27:07 | Construir | Farm |
| 27:08 | Construir | Farm |
| 27:08 | Construir | Farm |
| 27:08 | Construir | Farm |
| 27:08 | Construir | Farm |
| 27:10 | Construir | Farm |
| 27:11 | Construir | Farm |
| 27:15 | Crear | Villager (Male) |
| 27:15 | Crear | Villager (Male) |
| 27:16 | Crear | Villager (Male) |
| 28:19 | Crear | Petard |
| 28:28 | Crear | Gbeto |
| 28:28 | Crear | Gbeto |
| 28:28 | Crear | Gbeto |
| 28:29 | Crear | Gbeto |
| 30:33 | Construir | Farm |
| 30:35 | Construir | Farm |
| 30:35 | Construir | Farm |
| 30:35 | Construir | Farm |
| 30:36 | Construir | Farm |
| 30:36 | Construir | Farm |
| 30:36 | Construir | Farm |
| 30:36 | Construir | Farm |
| 30:37 | Construir | Farm |
| 30:40 | Construir | Farm |
| 30:44 | Crear | Villager (Male) |
| 30:45 | Crear | Villager (Male) |
| 30:45 | Crear | Villager (Male) |
| 30:45 | Crear | Villager (Male) |
| 30:59 | Crear | Villager (Male) |
| 31:15 | Construir | Castle |
| 31:22 | Construir | Town Center |
| 31:26 | Investigar | Wheelbarrow |
| 32:23 | Crear | Scorpion |
| 32:23 | Crear | Scorpion |
| 32:23 | Crear | Scorpion |
| 32:24 | Crear | Scorpion |
| 32:51 | Crear | Gbeto |
| 32:51 | Crear | Gbeto |
| 33:27 | Crear | Villager (Male) |
| 33:27 | Crear | Villager (Male) |
| 33:27 | Crear | Villager (Male) |
| 33:27 | Crear | Villager (Male) |
| 33:28 | Crear | Villager (Male) |
| 33:28 | Crear | Villager (Male) |
| 33:28 | Crear | Villager (Male) |
| 33:34 | Crear | Villager (Male) |
| 33:34 | Crear | Villager (Male) |
Build order — 我的大姑妈
Primeras 150 de 369 acciones detectadas
| 0:02 | Crear | Villager (Male) |
| 0:02 | Crear | Villager (Male) |
| 0:04 | Construir | House |
| 0:06 | Construir | House |
| 0:10 | Crear | Villager (Male) |
| 0:10 | Crear | Villager (Male) |
| 0:10 | Crear | Villager (Male) |
| 1:39 | Crear | Villager (Male) |
| 1:40 | Crear | Villager (Male) |
| 1:40 | Crear | Villager (Male) |
| 1:47 | Construir | Lumber Camp |
| 2:02 | Crear | Villager (Male) |
| 2:02 | Crear | Villager (Male) |
| 2:34 | Crear | Villager (Male) |
| 2:34 | Crear | Villager (Male) |
| 2:55 | Crear | Villager (Male) |
| 3:03 | Crear | Villager (Male) |
| 3:45 | Crear | Villager (Male) |
| 3:45 | Crear | Villager (Male) |
| 3:46 | Crear | Villager (Male) |
| 3:46 | Crear | Villager (Male) |
| 3:56 | Construir | House |
| 4:26 | Construir | Mill |
| 4:44 | Crear | Villager (Male) |
| 4:44 | Crear | Villager (Male) |
| 4:50 | Crear | Villager (Male) |
| 4:50 | Crear | Villager (Male) |
| 5:44 | Construir | Mining Camp |
| 5:58 | Crear | Villager (Male) |
| 5:58 | Crear | Villager (Male) |
| 5:58 | Crear | Villager (Male) |
| 5:58 | Crear | Villager (Male) |
| 5:59 | Crear | Villager (Male) |
| 6:23 | Crear | Villager (Male) |
| 6:40 | Crear | Villager (Male) |
| 6:47 | Construir | House |
| 7:08 | Crear | Villager (Male) |
| 8:32 | Investigar | Feudal Age |
| 9:39 | Construir | Lumber Camp |
| 10:01 | Construir | Lumber Camp |
| 10:37 | Crear | Villager (Male) |
| 10:42 | Edad | Edad Feudal |
| 10:46 | Construir | Market |
| 10:50 | Construir | Blacksmith |
| 11:03 | Construir | House |
| 11:10 | Crear | Villager (Male) |
| 11:27 | Crear | Villager (Male) |
| 11:54 | Construir | Farm |
| 11:55 | Construir | Farm |
| 12:27 | Investigar | Castle Age |
| 12:27 | Investigar | Castle Age |
| 12:27 | Investigar | Castle Age |
| 12:48 | Construir | Farm |
| 12:55 | Construir | Farm |
| 13:27 | Investigar | Double-Bit Axe |
| 13:27 | Investigar | Double-Bit Axe |
| 13:51 | Construir | House |
| 14:00 | Investigar | Horse Collar |
| 14:00 | Investigar | Horse Collar |
| 14:00 | Investigar | Horse Collar |
| 14:26 | Construir | Farm |
| 14:28 | Construir | Farm |
| 14:38 | Construir | Farm |
| 14:45 | Construir | Farm |
| 15:07 | Edad | Edad de los Castillos |
| 15:07 | Construir | Mining Camp |
| 15:11 | Crear | Villager (Male) |
| 15:12 | Crear | Villager (Male) |
| 15:27 | Construir | Town Center |
| 15:39 | Construir | Town Center |
| 15:46 | Investigar | Heavy Plow |
| 15:51 | Crear | Villager (Male) |
| 16:12 | Crear | Villager (Male) |
| 16:21 | Investigar | Bow Saw |
| 16:35 | Construir | Farm |
| 16:35 | Construir | Farm |
| 16:36 | Construir | Farm |
| 16:47 | Construir | Farm |
| 16:47 | Construir | Farm |
| 16:58 | Crear | Villager (Male) |
| 16:58 | Crear | Villager (Male) |
| 17:13 | Construir | Farm |
| 17:13 | Construir | Farm |
| 17:21 | Crear | Villager (Male) |
| 17:21 | Crear | Villager (Male) |
| 17:31 | Crear | Villager (Male) |
| 17:31 | Crear | Villager (Male) |
| 17:42 | Crear | Villager (Male) |
| 17:42 | Crear | Villager (Male) |
| 17:46 | Construir | Farm |
| 18:01 | Construir | Farm |
| 18:08 | Crear | Villager (Male) |
| 18:08 | Crear | Villager (Male) |
| 18:08 | Crear | Villager (Male) |
| 18:11 | Crear | Villager (Male) |
| 18:32 | Construir | Farm |
| 18:34 | Crear | Villager (Male) |
| 18:34 | Crear | Villager (Male) |
| 18:35 | Crear | Villager (Male) |
| 18:42 | Crear | Villager (Male) |
| 18:59 | Crear | Villager (Male) |
| 19:00 | Crear | Villager (Male) |
| 19:00 | Crear | Villager (Male) |
| 19:07 | Construir | Town Center |
| 19:11 | Crear | Villager (Male) |
| 19:11 | Crear | Villager (Male) |
| 19:12 | Crear | Villager (Male) |
| 19:13 | Crear | Villager (Male) |
| 19:28 | Construir | House |
| 19:34 | Crear | Villager (Male) |
| 19:34 | Crear | Villager (Male) |
| 19:34 | Crear | Villager (Male) |
| 19:44 | Construir | House |
| 19:45 | Construir | House |
| 19:47 | Crear | Villager (Male) |
| 19:47 | Crear | Villager (Male) |
| 19:57 | Construir | Monastery |
| 20:01 | Crear | Villager (Male) |
| 20:01 | Crear | Villager (Male) |
| 20:08 | Crear | Villager (Male) |
| 20:08 | Crear | Villager (Male) |
| 20:16 | Construir | Farm |
| 20:17 | Construir | Farm |
| 20:17 | Construir | Farm |
| 20:18 | Construir | Farm |
| 20:24 | Construir | Farm |
| 20:26 | Crear | Villager (Male) |
| 20:26 | Crear | Villager (Male) |
| 20:27 | Crear | Villager (Male) |
| 20:38 | Crear | Villager (Male) |
| 20:44 | Construir | House |
| 20:46 | Construir | House |
| 20:48 | Construir | House |
| 20:50 | Construir | House |
| 20:51 | Crear | Villager (Male) |
| 20:52 | Crear | Villager (Male) |
| 21:00 | Crear | Monk |
| 21:03 | Crear | Monk |
| 21:05 | Crear | Villager (Male) |
| 21:05 | Crear | Villager (Male) |
| 21:18 | Crear | Villager (Male) |
| 21:20 | Crear | Villager (Male) |
| 21:27 | Construir | Farm |
| 21:31 | Construir | Farm |
| 21:33 | Crear | Villager (Male) |
| 21:33 | Crear | Villager (Male) |
| 21:33 | Crear | Villager (Male) |
| 21:34 | Crear | Villager (Male) |
| 21:44 | Construir | Mill |
| 21:46 | Construir | Farm |
Build order — EveningSwan
Primeras 150 de 279 acciones detectadas
| 0:02 | Crear | Villager (Male) |
| 0:03 | Crear | Villager (Male) |
| 0:03 | Crear | Villager (Male) |
| 0:03 | Crear | Villager (Male) |
| 0:05 | Construir | House |
| 0:06 | Construir | House |
| 0:12 | Crear | Villager (Male) |
| 0:12 | Crear | Villager (Male) |
| 1:28 | Crear | Villager (Male) |
| 1:28 | Crear | Villager (Male) |
| 2:06 | Crear | Villager (Male) |
| 2:25 | Crear | Villager (Male) |
| 2:25 | Crear | Villager (Male) |
| 2:45 | Crear | Villager (Male) |
| 2:52 | Crear | Villager (Male) |
| 3:38 | Construir | House |
| 3:43 | Crear | Villager (Male) |
| 3:44 | Crear | Villager (Male) |
| 4:12 | Crear | Villager (Male) |
| 4:12 | Crear | Villager (Male) |
| 4:59 | Investigar | Loom |
| 5:01 | Crear | Villager (Male) |
| 5:01 | Crear | Villager (Male) |
| 5:02 | Crear | Villager (Male) |
| 5:02 | Crear | Villager (Male) |
| 5:17 | Construir | Mill |
| 5:28 | Crear | Villager (Male) |
| 5:55 | Crear | Villager (Male) |
| 5:59 | Construir | House |
| 6:51 | Crear | Villager (Male) |
| 7:22 | Crear | Villager (Male) |
| 8:23 | Construir | Mining Camp |
| 8:51 | Crear | Villager (Male) |
| 8:55 | Construir | House |
| 9:31 | Construir | Lumber Camp |
| 9:34 | Investigar | Feudal Age |
| 9:50 | Construir | Mill |
| 11:37 | Edad | Edad Feudal |
| 11:50 | Construir | Market |
| 11:53 | Construir | Blacksmith |
| 11:57 | Crear | Villager (Male) |
| 11:57 | Crear | Villager (Male) |
| 11:57 | Crear | Villager (Male) |
| 11:58 | Crear | Villager (Male) |
| 12:55 | Construir | Mining Camp |
| 13:03 | Construir | House |
| 13:25 | Crear | Villager (Male) |
| 13:36 | Construir | Farm |
| 13:37 | Construir | Farm |
| 13:38 | Construir | Farm |
| 13:39 | Construir | Farm |
| 13:40 | Construir | Farm |
| 13:41 | Construir | Farm |
| 14:12 | Construir | Farm |
| 14:14 | Construir | Farm |
| 14:18 | Investigar | Horse Collar |
| 14:36 | Construir | Farm |
| 14:41 | Construir | Farm |
| 14:59 | Construir | Farm |
| 15:36 | Investigar | Castle Age |
| 15:46 | Construir | Farm |
| 16:07 | Investigar | Double-Bit Axe |
| 16:41 | Crear | Villager (Male) |
| 16:41 | Crear | Villager (Male) |
| 16:47 | Investigar | Stone Mining |
| 17:19 | Investigar | Gold Mining |
| 17:47 | Construir | Barracks |
| 18:01 | Edad | Edad de los Castillos |
| 18:23 | Construir | Town Center |
| 18:32 | Crear | Villager (Male) |
| 18:32 | Crear | Villager (Male) |
| 18:34 | Crear | Villager (Male) |
| 18:48 | Construir | House |
| 18:49 | Construir | House |
| 19:14 | Crear | Villager (Male) |
| 20:00 | Crear | Villager (Male) |
| 20:00 | Crear | Villager (Male) |
| 20:01 | Crear | Villager (Male) |
| 20:01 | Crear | Villager (Male) |
| 20:06 | Construir | Farm |
| 20:15 | Crear | Villager (Male) |
| 20:15 | Crear | Villager (Male) |
| 20:22 | Construir | Castle |
| 20:27 | Crear | Villager (Male) |
| 20:30 | Crear | Villager (Male) |
| 20:30 | Crear | Villager (Male) |
| 20:35 | Construir | Farm |
| 20:37 | Construir | Farm |
| 20:39 | Construir | Farm |
| 20:42 | Crear | Villager (Male) |
| 20:43 | Crear | Villager (Male) |
| 21:03 | Crear | Villager (Male) |
| 21:06 | Crear | Villager (Male) |
| 21:34 | Crear | Villager (Male) |
| 21:44 | Investigar | Heavy Plow |
| 21:50 | Construir | Town Center |
| 21:53 | Crear | Villager (Male) |
| 22:06 | Investigar | Bow Saw |
| 22:10 | Crear | Villager (Male) |
| 22:26 | Construir | House |
| 22:27 | Construir | House |
| 22:40 | Crear | Villager (Male) |
| 22:41 | Crear | Villager (Male) |
| 22:45 | Investigar | Wheelbarrow |
| 23:01 | Crear | Villager (Male) |
| 23:04 | Crear | Villager (Male) |
| 23:23 | Construir | Farm |
| 23:27 | Crear | Villager (Male) |
| 23:29 | Crear | Villager (Male) |
| 23:29 | Crear | Villager (Male) |
| 23:31 | Construir | Farm |
| 23:34 | Construir | Farm |
| 23:35 | Construir | Farm |
| 23:38 | Crear | Villager (Male) |
| 23:45 | Construir | Farm |
| 23:54 | Crear | Villager (Male) |
| 23:55 | Crear | Villager (Male) |
| 23:56 | Crear | Villager (Male) |
| 24:30 | Construir | Monastery |
| 24:37 | Construir | Mining Camp |
| 24:44 | Crear | Villager (Male) |
| 24:45 | Crear | Villager (Male) |
| 24:50 | Construir | House |
| 24:53 | Construir | Farm |
| 24:54 | Construir | Farm |
| 24:58 | Construir | Farm |
| 25:02 | Construir | Farm |
| 25:05 | Construir | Farm |
| 25:06 | Crear | Villager (Male) |
| 25:06 | Crear | Villager (Male) |
| 25:08 | Crear | Villager (Male) |
| 25:30 | Construir | Mill |
| 25:34 | Construir | Farm |
| 25:46 | Crear | Monk |
| 25:49 | Construir | House |
| 25:51 | Construir | House |
| 25:52 | Construir | House |
| 26:08 | Construir | Lumber Camp |
| 26:11 | Construir | Stable |
| 26:13 | Construir | Stable |
| 26:25 | Construir | Farm |
| 26:35 | Construir | Farm |
| 26:42 | Crear | Villager (Male) |
| 26:42 | Crear | Villager (Male) |
| 26:44 | Crear | Villager (Male) |
| 26:44 | Crear | Villager (Male) |
| 26:46 | Investigar | Imperial Age |
| 26:54 | Construir | Farm |
| 27:07 | Construir | Stable |
| 27:21 | Crear | Monk |
Build order — vetegroddan
Primeras 150 de 423 acciones detectadas
| 0:03 | Crear | Villager (Male) |
| 0:03 | Crear | Villager (Male) |
| 0:04 | Crear | Villager (Male) |
| 0:04 | Crear | Villager (Male) |
| 0:08 | Construir | House |
| 0:10 | Construir | House |
| 1:21 | Crear | Villager (Male) |
| 1:46 | Crear | Villager (Male) |
| 1:46 | Crear | Villager (Male) |
| 1:57 | Construir | Settlement |
| 2:23 | Crear | Villager (Male) |
| 3:05 | Crear | Villager (Male) |
| 3:14 | Crear | Villager (Male) |
| 4:00 | Construir | House |
| 4:04 | Construir | House |
| 4:21 | Crear | Villager (Male) |
| 4:22 | Crear | Villager (Male) |
| 4:37 | Construir | Settlement |
| 5:04 | Crear | Villager (Male) |
| 5:04 | Crear | Villager (Male) |
| 6:10 | Crear | Villager (Male) |
| 6:11 | Crear | Villager (Male) |
| 6:11 | Crear | Villager (Male) |
| 6:40 | Construir | Settlement |
| 6:44 | Crear | Villager (Male) |
| 6:44 | Crear | Villager (Male) |
| 6:46 | Crear | Villager (Male) |
| 6:47 | Crear | Villager (Male) |
| 6:47 | Crear | Villager (Male) |
| 6:48 | Crear | Villager (Male) |
| 6:48 | Crear | Villager (Male) |
| 7:33 | Crear | Villager (Male) |
| 7:33 | Crear | Villager (Male) |
| 7:33 | Crear | Villager (Male) |
| 8:22 | Construir | Outpost |
| 9:11 | Investigar | Feudal Age |
| 10:02 | Construir | Outpost |
| 10:36 | Construir | Farm |
| 10:52 | Crear | Villager (Male) |
| 10:53 | Crear | Villager (Male) |
| 11:02 | Construir | Farm |
| 11:06 | Construir | Farm |
| 11:40 | Edad | Edad Feudal |
| 11:45 | Construir | Outpost |
| 11:52 | Construir | Market |
| 12:00 | Construir | Blacksmith |
| 12:23 | Construir | Farm |
| 12:27 | Construir | Farm |
| 12:30 | Construir | Farm |
| 12:48 | Construir | Farm |
| 13:01 | Construir | Farm |
| 13:30 | Investigar | Castle Age |
| 13:54 | Investigar | Double-Bit Axe |
| 13:54 | Investigar | Double-Bit Axe |
| 14:37 | Investigar | Horse Collar |
| 15:50 | Crear | Villager (Male) |
| 15:51 | Crear | Villager (Male) |
| 16:10 | Edad | Edad de los Castillos |
| 16:14 | Construir | Town Center |
| 16:18 | Crear | Villager (Male) |
| 16:18 | Crear | Villager (Male) |
| 16:19 | Crear | Villager (Male) |
| 16:27 | Construir | Town Center |
| 16:38 | Crear | Villager (Male) |
| 16:38 | Crear | Villager (Male) |
| 16:42 | Investigar | Bow Saw |
| 16:57 | Crear | Villager (Male) |
| 16:57 | Crear | Villager (Male) |
| 16:59 | Crear | Villager (Male) |
| 17:00 | Crear | Villager (Male) |
| 17:40 | Construir | Siege Workshop |
| 18:08 | Investigar | Heavy Plow |
| 18:17 | Crear | Villager (Male) |
| 18:18 | Crear | Villager (Male) |
| 18:36 | Crear | Mangonel |
| 18:36 | Crear | Mangonel |
| 18:37 | Crear | Mangonel |
| 19:07 | Construir | Settlement |
| 19:10 | Crear | Villager (Male) |
| 19:11 | Crear | Villager (Male) |
| 19:11 | Crear | Villager (Male) |
| 19:11 | Crear | Villager (Male) |
| 19:17 | Investigar | Loom |
| 19:18 | Crear | Villager (Male) |
| 19:19 | Crear | Villager (Male) |
| 19:19 | Crear | Villager (Male) |
| 19:44 | Construir | Barracks |
| 19:48 | Crear | Villager (Male) |
| 19:48 | Crear | Villager (Male) |
| 19:53 | Construir | Farm |
| 19:56 | Construir | Farm |
| 19:58 | Construir | Farm |
| 20:09 | Crear | Mangonel |
| 20:14 | Crear | Villager (Male) |
| 20:14 | Crear | Villager (Male) |
| 20:36 | Construir | Archery Range |
| 20:39 | Crear | Villager (Male) |
| 20:40 | Crear | Villager (Male) |
| 20:40 | Crear | Villager (Male) |
| 20:47 | Construir | Farm |
| 20:47 | Construir | Farm |
| 20:50 | Construir | Farm |
| 20:50 | Construir | Farm |
| 20:51 | Construir | Farm |
| 20:51 | Construir | Farm |
| 20:51 | Construir | Farm |
| 20:52 | Construir | Farm |
| 21:17 | Investigar | Stone Mining |
| 21:17 | Investigar | Gold Mining |
| 21:22 | Crear | Villager (Male) |
| 21:22 | Crear | Villager (Male) |
| 21:42 | Construir | Farm |
| 21:42 | Construir | Farm |
| 21:43 | Construir | Farm |
| 21:43 | Construir | Farm |
| 21:44 | Construir | Farm |
| 21:44 | Construir | Farm |
| 21:44 | Construir | Farm |
| 21:51 | Crear | Villager (Male) |
| 21:51 | Crear | Villager (Male) |
| 21:52 | Crear | Villager (Male) |
| 22:07 | Construir | Farm |
| 22:09 | Construir | Farm |
| 22:10 | Construir | Farm |
| 22:14 | Construir | Farm |
| 22:46 | Crear | Villager (Male) |
| 22:46 | Crear | Villager (Male) |
| 22:58 | Construir | Outpost |
| 23:52 | Construir | Stone Wall |
| 23:54 | Construir | Stone Wall |
| 24:03 | Construir | Building 673 |
| 24:28 | Crear | Villager (Male) |
| 24:28 | Crear | Villager (Male) |
| 24:29 | Crear | Villager (Male) |
| 24:29 | Crear | Villager (Male) |
| 24:58 | Construir | Building 487 |
| 25:05 | Crear | Mangonel |
| 25:06 | Crear | Mangonel |
| 25:16 | Crear | Villager (Male) |
| 25:17 | Crear | Villager (Male) |
| 25:17 | Crear | Villager (Male) |
| 25:23 | Construir | House |
| 25:24 | Construir | House |
| 25:25 | Construir | House |
| 25:25 | Construir | House |
| 25:25 | Construir | House |
| 25:26 | Construir | House |
| 25:26 | Construir | House |
| 25:27 | Construir | House |
| 25:27 | Construir | House |
Build order — vserna.cas
Primeras 150 de 212 acciones detectadas
| 0:10 | Construir | House |
| 0:22 | Crear | Villager (Male) |
| 0:23 | Crear | Villager (Male) |
| 0:23 | Crear | Villager (Male) |
| 0:24 | Crear | Villager (Male) |
| 0:24 | Crear | Villager (Male) |
| 1:49 | Crear | Villager (Male) |
| 1:49 | Crear | Villager (Male) |
| 1:49 | Crear | Villager (Male) |
| 2:16 | Construir | House |
| 2:21 | Construir | House |
| 2:28 | Construir | Lumber Camp |
| 2:42 | Crear | Villager (Male) |
| 2:42 | Crear | Villager (Male) |
| 3:12 | Crear | Villager (Male) |
| 3:13 | Crear | Villager (Male) |
| 3:48 | Crear | Villager (Male) |
| 3:49 | Crear | Villager (Male) |
| 4:13 | Crear | Villager (Male) |
| 4:13 | Crear | Villager (Male) |
| 4:44 | Construir | Mill |
| 4:52 | Crear | Villager (Male) |
| 4:52 | Crear | Villager (Male) |
| 5:23 | Construir | House |
| 5:25 | Construir | House |
| 5:39 | Crear | Villager (Male) |
| 5:39 | Crear | Villager (Male) |
| 5:56 | Investigar | Loom |
| 5:57 | Crear | Villager (Male) |
| 5:58 | Crear | Villager (Male) |
| 5:58 | Crear | Villager (Male) |
| 6:09 | Crear | Villager (Male) |
| 6:09 | Crear | Villager (Male) |
| 7:20 | Crear | Villager (Male) |
| 7:20 | Crear | Villager (Male) |
| 8:52 | Construir | Mill |
| 9:07 | Investigar | Feudal Age |
| 9:21 | Construir | Mining Camp |
| 9:47 | Construir | Mining Camp |
| 11:09 | Crear | Villager (Male) |
| 11:10 | Crear | Villager (Male) |
| 11:10 | Crear | Villager (Male) |
| 11:11 | Crear | Villager (Male) |
| 11:11 | Crear | Villager (Male) |
| 11:11 | Crear | Villager (Male) |
| 11:17 | Edad | Edad Feudal |
| 11:21 | Investigar | Horse Collar |
| 11:43 | Construir | Stone Wall |
| 11:47 | Construir | Building 487 |
| 11:53 | Construir | Market |
| 13:08 | Crear | Villager (Male) |
| 13:14 | Crear | Villager (Male) |
| 13:26 | Construir | Farm |
| 13:27 | Construir | Farm |
| 13:29 | Construir | Farm |
| 13:31 | Construir | Farm |
| 13:32 | Construir | Farm |
| 13:33 | Construir | Farm |
| 13:36 | Construir | Farm |
| 14:08 | Construir | House |
| 14:13 | Investigar | Wheelbarrow |
| 14:41 | Construir | House |
| 15:38 | Construir | Blacksmith |
| 15:50 | Crear | Villager (Male) |
| 15:51 | Crear | Villager (Male) |
| 16:21 | Investigar | Castle Age |
| 16:33 | Construir | House |
| 16:36 | Construir | House |
| 16:39 | Construir | House |
| 16:49 | Construir | Stone Wall |
| 17:27 | Investigar | Double-Bit Axe |
| 17:31 | Investigar | Stone Mining |
| 17:35 | Investigar | Gold Mining |
| 19:04 | Edad | Edad de los Castillos |
| 19:12 | Construir | Castle |
| 19:55 | Construir | Town Center |
| 19:59 | Crear | Villager (Male) |
| 20:00 | Crear | Villager (Male) |
| 20:00 | Crear | Villager (Male) |
| 20:00 | Crear | Villager (Male) |
| 20:51 | Crear | Villager (Male) |
| 20:51 | Crear | Villager (Male) |
| 21:13 | Construir | Siege Workshop |
| 21:30 | Crear | Villager (Male) |
| 21:30 | Crear | Villager (Male) |
| 21:31 | Crear | Villager (Male) |
| 21:36 | Crear | Villager (Male) |
| 21:56 | Construir | Mining Camp |
| 22:22 | Construir | Farm |
| 22:24 | Construir | Farm |
| 22:26 | Construir | Farm |
| 22:28 | Construir | Farm |
| 22:38 | Crear | Villager (Male) |
| 22:38 | Crear | Villager (Male) |
| 22:43 | Crear | Villager (Male) |
| 22:43 | Crear | Villager (Male) |
| 22:43 | Crear | Villager (Male) |
| 22:44 | Crear | Villager (Male) |
| 23:02 | Construir | Farm |
| 23:03 | Construir | Farm |
| 23:05 | Construir | Farm |
| 23:12 | Construir | Farm |
| 23:23 | Crear | Villager (Male) |
| 23:24 | Crear | Villager (Male) |
| 23:48 | Crear | Mangonel |
| 25:13 | Crear | Mangonel |
| 25:29 | Investigar | Imperial Age |
| 25:34 | Crear | Villager (Male) |
| 25:34 | Crear | Villager (Male) |
| 25:34 | Crear | Villager (Male) |
| 25:34 | Crear | Villager (Male) |
| 26:56 | Crear | Villager (Male) |
| 26:56 | Crear | Villager (Male) |
| 26:57 | Crear | Villager (Male) |
| 27:06 | Construir | Town Center |
| 27:29 | Construir | Farm |
| 27:30 | Construir | Farm |
| 27:33 | Construir | Farm |
| 27:34 | Construir | Farm |
| 27:36 | Construir | Farm |
| 27:37 | Construir | Farm |
| 27:38 | Construir | Farm |
| 27:40 | Construir | Farm |
| 27:43 | Construir | Farm |
| 27:50 | Crear | Villager (Male) |
| 27:50 | Crear | Villager (Male) |
| 27:50 | Crear | Villager (Male) |
| 28:07 | Construir | Town Center |
| 28:16 | Crear | Villager (Male) |
| 28:16 | Crear | Villager (Male) |
| 28:21 | Crear | Villager (Male) |
| 28:21 | Crear | Villager (Male) |
| 28:21 | Crear | Villager (Male) |
| 28:21 | Crear | Villager (Male) |
| 28:39 | Edad | Edad Imperial |
| 28:41 | Crear | Villager (Male) |
| 28:41 | Crear | Villager (Male) |
| 28:42 | Crear | Villager (Male) |
| 28:42 | Crear | Villager (Male) |
| 28:56 | Crear | Trebuchet (Packed) |
| 30:04 | Crear | Trebuchet (Packed) |
| 30:05 | Crear | Trebuchet (Packed) |
| 30:47 | Construir | Castle |
| 35:02 | Crear | Trebuchet (Packed) |
| 35:02 | Crear | Trebuchet (Packed) |
| 35:21 | Construir | Barracks |
| 36:25 | Construir | Siege Workshop |
| 36:57 | Construir | University |
| 37:03 | Construir | Siege Workshop |
| 37:05 | Construir | Siege Workshop |
Build order — Qasiolius
Primeras 150 de 301 acciones detectadas
| 0:08 | Crear | Villager (Male) ×4 |
| 0:08 | Crear | Villager (Male) ×4 |
| 0:15 | Construir | House |
| 0:17 | Construir | House |
| 0:19 | Construir | House |
| 0:22 | Construir | House |
| 1:50 | Crear | Villager (Male) |
| 2:14 | Construir | Lumber Camp |
| 2:45 | Crear | Villager (Male) |
| 3:01 | Crear | Villager (Male) |
| 3:06 | Crear | Villager (Male) |
| 3:41 | Crear | Villager (Male) |
| 4:11 | Crear | Villager (Male) |
| 4:47 | Crear | Villager (Male) |
| 4:47 | Crear | Villager (Male) |
| 4:48 | Crear | Villager (Male) |
| 5:22 | Crear | Villager (Male) |
| 5:46 | Construir | Mill |
| 5:50 | Crear | Villager (Male) |
| 5:50 | Crear | Villager (Male) |
| 5:58 | Crear | Villager (Male) |
| 6:22 | Crear | Villager (Male) |
| 7:15 | Crear | Villager (Male) |
| 7:16 | Crear | Villager (Male) |
| 7:44 | Crear | Villager (Male) |
| 7:44 | Crear | Villager (Male) |
| 8:07 | Crear | Villager (Male) |
| 8:08 | Crear | Villager (Male) |
| 8:09 | Crear | Villager (Male) |
| 8:13 | Crear | Villager (Male) |
| 9:34 | Investigar | Feudal Age |
| 9:47 | Construir | Mining Camp |
| 10:16 | Construir | House |
| 10:17 | Construir | House |
| 11:36 | Crear | Villager (Male) |
| 11:36 | Crear | Villager (Male) |
| 11:37 | Crear | Villager (Male) |
| 11:44 | Edad | Edad Feudal |
| 11:45 | Construir | Barracks |
| 12:09 | Construir | Blacksmith |
| 13:10 | Construir | Stable |
| 13:33 | Construir | Mining Camp |
| 13:50 | Investigar | Castle Age |
| 14:01 | Crear | Spearman |
| 14:37 | Investigar | Double-Bit Axe |
| 14:42 | Investigar | Horse Collar |
| 15:15 | Construir | Farm |
| 15:25 | Construir | Farm |
| 15:40 | Construir | Farm |
| 15:59 | Construir | Farm |
| 16:30 | Crear | Villager (Male) |
| 16:30 | Edad | Edad de los Castillos |
| 16:31 | Crear | Villager (Male) |
| 16:43 | Construir | Town Center |
| 17:05 | Crear | Villager (Male) |
| 17:49 | Construir | House |
| 17:52 | Construir | House |
| 18:02 | Construir | Farm |
| 18:09 | Construir | Farm |
| 18:13 | Construir | Farm |
| 18:17 | Construir | Farm |
| 18:20 | Crear | Villager (Male) |
| 18:20 | Crear | Villager (Male) |
| 18:54 | Crear | Villager (Male) |
| 19:29 | Construir | Farm |
| 19:32 | Construir | Farm |
| 19:37 | Crear | Villager (Male) |
| 19:42 | Construir | Farm |
| 20:23 | Crear | Villager (Male) |
| 20:24 | Crear | Villager (Male) |
| 20:33 | Construir | Castle |
| 20:45 | Crear | Villager (Male) |
| 20:48 | Crear | Villager (Male) |
| 21:02 | Investigar | Gold Mining |
| 21:08 | Crear | Villager (Male) |
| 21:27 | Construir | Farm |
| 21:29 | Construir | Farm |
| 21:33 | Crear | Villager (Male) |
| 21:34 | Crear | Villager (Male) |
| 21:44 | Construir | Farm |
| 21:58 | Construir | Farm |
| 22:03 | Construir | Farm |
| 22:05 | Construir | Farm |
| 22:13 | Construir | Farm |
| 22:15 | Construir | Farm |
| 22:27 | Investigar | Wheelbarrow |
| 22:29 | Crear | Villager (Male) |
| 22:48 | Construir | Town Center |
| 23:05 | Crear | Genoese Crossbowman ×5 |
| 23:15 | Construir | Farm |
| 24:36 | Construir | Farm |
| 24:40 | Construir | Farm |
| 24:44 | Construir | Farm |
| 24:48 | Investigar | Imperial Age |
| 24:51 | Crear | Villager (Male) |
| 24:56 | Crear | Genoese Crossbowman ×3 |
| 25:14 | Construir | University |
| 25:17 | Investigar | Fletching |
| 25:18 | Investigar | Padded Archer Armor |
| 25:44 | Construir | Farm |
| 25:46 | Crear | Villager (Male) |
| 25:49 | Crear | Villager (Male) |
| 25:54 | Crear | Scout Cavalry |
| 25:55 | Crear | Scout Cavalry |
| 26:18 | Construir | Farm |
| 26:26 | Investigar | Ballistics |
| 26:34 | Investigar | Bow Saw |
| 26:42 | Crear | Villager (Male) |
| 26:42 | Crear | Villager (Male) |
| 26:48 | Crear | Villager (Male) |
| 26:48 | Crear | Villager (Male) |
| 27:01 | Investigar | Bodkin Arrow |
| 27:32 | Crear | Villager (Male) |
| 27:32 | Crear | Villager (Male) |
| 27:58 | Edad | Edad Imperial |
| 28:04 | Crear | Trebuchet (Packed) |
| 28:10 | Crear | Scout Cavalry |
| 28:10 | Crear | Scout Cavalry |
| 28:17 | Crear | Villager (Male) |
| 28:17 | Crear | Villager (Male) |
| 28:22 | Crear | Villager (Male) |
| 28:30 | Investigar | Heavy Plow |
| 28:35 | Investigar | Murder Holes |
| 28:43 | Investigar | Forging |
| 28:50 | Crear | Unit 882 ×4 |
| 30:07 | Crear | Trebuchet (Packed) |
| 30:14 | Investigar | Light Cavalry (upgrade) |
| 30:14 | Investigar | Bloodlines |
| 30:15 | Investigar | Husbandry |
| 30:18 | Crear | Spearman ×5 |
| 30:18 | Crear | Unit 882 ×3 |
| 30:36 | Investigar | Scale Mail Armor |
| 30:49 | Construir | Farm |
| 30:52 | Crear | Villager (Male) |
| 30:52 | Crear | Villager (Male) |
| 31:06 | Construir | Farm |
| 31:16 | Construir | Farm |
| 31:20 | Crear | Villager (Male) |
| 31:21 | Crear | Villager (Male) |
| 32:03 | Crear | Villager (Male) |
| 32:03 | Crear | Villager (Male) |
| 32:06 | Investigar | Stone Mining |
| 32:12 | Investigar | Hand Cart |
| 32:14 | Crear | Villager (Male) |
| 32:14 | Crear | Villager (Male) |
| 32:23 | Construir | House |
| 32:24 | Construir | House |
| 32:24 | Construir | House |
| 32:24 | Construir | House |
| 32:24 | Construir | House |
Cronología de la partida
| 10:42 | 我的大姑妈 · age_up feudal |
| 11:17 | vserna.cas · age_up feudal |
| 11:37 | EveningSwan · age_up feudal |
| 11:40 | superdeker · first_building Barracks |
| 11:40 | vetegroddan · age_up feudal |
| 11:43 | vserna.cas · wall_segment Stone Wall x1 |
| 11:44 | Qasiolius · age_up feudal |
| 11:45 | Qasiolius · first_building Barracks |
| 12:26 | superdeker · age_up feudal |
| 13:10 | Qasiolius · first_building Stable |
| 15:07 | 我的大姑妈 · age_up castle |
| 16:10 | vetegroddan · age_up castle |
| 16:13 | vserna.cas · first_market_buy 100 food |
| 16:30 | Qasiolius · age_up castle |
| 16:31 | superdeker · first_building Stable |
| 16:49 | vserna.cas · wall_segment Stone Wall x6 |
| 17:40 | vetegroddan · first_building Siege Workshop |
| 17:47 | EveningSwan · first_building Barracks |
| 18:01 | EveningSwan · age_up castle |
| 19:04 | vserna.cas · age_up castle |
| 19:12 | vserna.cas · first_building Castle |
| 19:44 | vetegroddan · first_building Barracks |
| 19:57 | 我的大姑妈 · first_building Monastery |
| 20:22 | EveningSwan · first_building Castle |
| 20:33 | Qasiolius · first_building Castle |
| 20:36 | vetegroddan · first_building Archery Range |
| 21:13 | vserna.cas · first_building Siege Workshop |
| 21:37 | superdeker · age_up castle |
| 22:38 | superdeker · first_building Castle |
| 23:52 | vetegroddan · wall_segment Stone Wall x12 |
| 23:54 | vetegroddan · wall_segment Stone Wall x6 |
| 24:12 | superdeker · first_building Siege Workshop |
| 24:30 | EveningSwan · first_building Monastery |
| 26:03 | vetegroddan · first_market_sell 100 food |
| 26:11 | EveningSwan · first_building Stable |
| 26:48 | 我的大姑妈 · first_building Castle |
| 27:17 | vetegroddan · first_market_buy 100 wood |
| 27:58 | Qasiolius · age_up imperial |
| 28:19 | 我的大姑妈 · first_market_sell 500 food |
| 28:30 | vetegroddan · first_building Castle |
| 28:39 | vserna.cas · age_up imperial |
| 28:51 | EveningSwan · first_building Archery Range |
| 28:59 | 我的大姑妈 · first_building Siege Workshop |
| 29:11 | 我的大姑妈 · first_building Barracks |
| 29:31 | EveningSwan · age_up imperial |
| 29:56 | 我的大姑妈 · first_building Archery Range |
| 30:44 | 我的大姑妈 · wall_segment Stone Wall x6 |
| 31:12 | vetegroddan · age_up imperial |
| 32:09 | 我的大姑妈 · age_up imperial |
| 34:15 | 我的大姑妈 · first_building Stable |
| 35:21 | vserna.cas · first_building Barracks |
| 40:47 | superdeker · first_building Archery Range |
| 41:27 | vserna.cas · first_building Stable |
| 41:39 | superdeker · wall_segment Stone Wall x4 |
| 49:19 | vserna.cas · resign |
| 50:54 | Qasiolius · wall_segment Stone Wall x5 |
| 52:56 | superdeker · wall_segment Stone Wall x1 |
[ ANÁLISIS IA · 1 CRÉDITO ]
¿Qué pasó realmente en esta partida?
Wolo.gg analiza cada decisión: build order, eco, micro, errores típicos por bracket. Análisis personalizado por WhatsApp o Discord en 30 segundos.
Guía civ
Malíes
Guía mapa
Arena
Perfil
superdeker